 Dungeon Sprint DCSS version 0.27-a0-277-g024f7ef292 (webtiles) character file.

Game seed: 2316546949076167119

6915 mhtbhm the Severer (level 10, -28/107 HPs)
             Began as a Minotaur Berserker on Feb 7, 2021.
             Was the Champion of Trog.
             Annihilated by an enormous slime creature (61 damage)
             ... in the Dungeon (Sprint VII: "The Pits").
             The game lasted 00:02:56 (2111 turns).

mhtbhm the Severer (Minotaur Berserker)             Turns: 2111, Time: 00:02:57

Health: -28/107    AC: 20    Str: 29    XL:     10   Next: 79%
Magic:  9/9        EV: 13    Int:  4    God:    Trog [******]
Gold:   0          SH:  0    Dex: 12    Spells: 9/9 levels left

rFire    . . .     SeeInvis .   a - +2 war axe (freeze)
rCold    . . .     Faith    .   (no shield)
rNeg     . . .     Spirit   .   b - +4 chain mail
rPois    .         Reflect  .   (helmet restricted)
rElec    .         Harm     .   q - +1 cloak
rCorr    .         Rampage  .   (no gloves)
Will     .....     NoTele   +   (no boots)
Stlth    ..........             (no amulet)
HPRegen  0.27/turn              m - +3 ring of dexterity
MPRegen  0.11/turn              n - +3 ring of strength

@: no status effects
A: retaliatory headbutt, horns 2
a: Renounce Religion, Berserk, Trog's Hand, Brothers in Arms


You were in the Dungeon.
You worshipped Trog.
Trog was exalted by your worship.
You visited 1 branch

Inventory:

Hand Weapons
 a - a +2 war axe of freezing (weapon)
Armour
 b - a +4 chain mail (worn)
 q - a +1 cloak (worn)
Jewellery
 m - a +3 ring of dexterity (left hand)
 n - a +3 ring of strength (right hand)
Scrolls
 h - a scroll of blinking
 j - 3 scrolls of remove curse
 k - a scroll of summoning
Potions
 c - 7 potions of curing
 d - 9 potions of heal wounds
 e - 2 potions of haste
 f - 4 potions of magic
 g - 4 potions of berserk rage
 i - 2 potions of invisibility
 l - a potion of degeneration {unknown}
 o - 2 potions of might
 p - 2 potions of mutation


   Skills:
 + Level 15.7 Fighting
 + Level 18.7 Axes
 + Level 15.0 Armour
 + Level 8.6 Dodging
 - Level 1.9 Stealth


You had 9 spell levels left.
You didn't know any spells.
Your spell library was empty.

Dungeon Overview and Level Annotations

Branches:
Dungeon (1/1)

Altars:
Ashenzari
Cheibriados
Dithmenos
Elyvilon
Fedhas
Gozag
Hepliaklqana
Kikubaaqudgha
Makhleb
Nemelex Xobeh
Okawaru
Qazlal
Ru
Sif Muna
Trog
Uskayaw
Vehumet
Wu Jian
Xom
Yredelemnul
Zin
The Shining One
Beogh
Jiyva
Lugonu


Innate Abilities, Weirdness & Mutations

You reflexively headbutt those who attack you in melee.
You have a pair of horns on your head.


Message History

You headbutt the enormous slime creature!
The enormous slime creature is severely wounded.
Unknown command.
You barely miss the enormous slime creature.
Your headbutt misses the enormous slime creature.
The enormous slime creature is severely wounded.
The enormous slime creature hits you but does no damage.
Unknown command.
You slice the enormous slime creature!! You freeze the enormous slime creature.
The enormous slime creature is severely wounded.
The enormous slime creature hits you!!!
Ouch! That really hurt!
* * * LOW HITPOINT WARNING * * *
Unknown command.
Unknown command.
Okay, then.
Your magic is already full.
You feel much better. The enormous slime creature hits you!!!
Ouch! That really hurt!
You die...

...............##..............#
##'#####''######################
......##''#########
......##......#...+
......##....###...#
..<...##.†.##.+...
......##..##..##'##
......##..#..##.J.##
......##..#..#..@..#
########..'..')....+
########..#..#.....#
.#..[[##..#..##...##
.#..[[##.)##..##'##
.'..))##...##.+...+
.#..))##....###)†.#
.#..))##......#...+
###################


You could see an enormous slime creature.

Vanquished Creatures
  A boulder beetle (D)
  A deep troll (D)
  A wizard (D)
  A lindwurm (D)
  A deep elf zephyrmancer (D)
  2 manticores (D)
  A gargoyle (D)
  A freezing wraith (D)
  A yaktaur (D)
  2 tyrant leeches (D)
  Grinder (D)
  2 hornets (D)
  A redback (D)
  4 yaks (D)
  A fire elemental (D)
  A spriggan (D)
  A fire bat (D)
  A floating eye (D)
  An ice beast (D)
  A necrophage (D)
  A phantom (D)
  A bullfrog (D)
  4 killer bees (D)
  A jelly (D)
  A hound (D)
  Crazy Yiuf (D)
  2 gnolls (D)
  An adder skeleton (D)
  A worm (D)
  A leopard gecko (D)
  A bat zombie (D)
  3 giant cockroaches (D)
  A hobgoblin (D)
  2 kobolds (D)
  2 ball pythons (D)
  A ball python zombie (D)
  A frilled lizard (D)
  A giant cockroach zombie (D)
  2 rats (D)
54 creatures vanquished.

Notes
Turn   | Place    | Note
-------+----------+-------------------------------------------
     0 | D        | mhtbhm the Minotaur Berserker began the quest for the Orb.
     0 | D        | Reached XP level 1. HP: 19/19 MP: 0/0
    19 | D        | Found a bloodstained altar of Trog.
    19 | D        | Found a shimmering blue altar of Sif Muna.
    19 | D        | Found a viscous altar of Jiyva.
    19 | D        | Found a hazy altar of Hepliaklqana.
    19 | D        | Found an opulent altar of Gozag.
    20 | D        | Found a glowing golden altar of the Shining One.
    20 | D        | Found a glowing silver altar of Zin.
    20 | D        | Found a basalt altar of Yredelemnul.
    20 | D        | Found a shimmering altar of Xom.
    20 | D        | Found an ornate altar of the Wu Jian Council.
    20 | D        | Found a sacrificial altar of Ru.
    20 | D        | Found a stormy altar of Qazlal.
    20 | D        | Found an iron altar of Okawaru.
    20 | D        | Found a sparkling altar of Nemelex Xobeh.
    20 | D        | Found a burning altar of Makhleb.
    20 | D        | Found a blossoming altar of Fedhas.
    20 | D        | Found a white marble altar of Elyvilon.
    20 | D        | Found a shadowy altar of Dithmenos.
    20 | D        | Found a snail-covered altar of Cheibriados.
    22 | D        | Found a radiant altar of Vehumet.
    22 | D        | Found a corrupted altar of Lugonu.
    22 | D        | Found a roughly hewn altar of Beogh.
    63 | D        | Reached skill level 4 in Axes
    65 | D        | Noticed a floating eye
    68 | D        | Paralysed by a floating eye for 3 turns
    75 | D        | Paralysed by a floating eye for 2 turns
    77 | D        | Killed a floating eye
    77 | D        | Reached ** piety under Trog
    78 | D        | Reached skill level 8 in Axes
    78 | D        | Reached XP level 2. HP: 33/34 MP: 1/1
    78 | D        | Reached XP level 3. HP: 38/39 MP: 2/2
    78 | D        | Reached XP level 4. HP: 46/47 MP: 3/3
    93 | D        | Noticed Grinder
    96 | D        | Reached *** piety under Trog
    99 | D        | Killed Grinder
   100 | D        | Reached skill level 11 in Axes
   100 | D        | Reached skill level 5 in Armour
   100 | D        | Reached XP level 5. HP: 35/58 MP: 4/4
   100 | D        | Reached XP level 6. HP: 40/66 MP: 5/5
   305 | D        | Noticed an ice beast
   309 | D        | Reached **** piety under Trog
   312 | D        | Killed an ice beast
   313 | D        | Reached skill level 10 in Fighting
   313 | D        | Reached skill level 5 in Dodging
   313 | D        | Reached skill level 1 in Stealth
   315 | D        | Reached skill level 12 in Axes
   316 | D        | Reached XP level 7. HP: 73/73 MP: 6/6
   321 | D        | Reached ***** piety under Trog
   429 | D        | Noticed a yak
   429 | D        | Noticed a yak
   429 | D        | Noticed a yak
   429 | D        | Noticed a yak
   429 | D        | Noticed a fire elemental
   436 | D        | Killed a yak
   437 | D        | Reached skill level 13 in Axes
   437 | D        | Killed a yak
   438 | D        | Killed a fire elemental
   438 | D        | Received a gift from Trog
   439 | D        | Reached skill level 14 in Axes
   439 | D        | Reached XP level 8. HP: 58/83 MP: 7/7
   703 | D        | Found a hide-covered altar of Uskayaw.
   703 | D        | Found an ancient bone altar of Kikubaaqudgha.
   703 | D        | Found a broken altar of Ashenzari.
   730 | D        | Noticed a deep troll
   739 | D        | Killed a deep troll
   740 | D        | Reached skill level 15 in Axes
   801 | D        | Noticed a spriggan rider
   801 | D        | Noticed a manticore
   806 | D        | Killed a manticore
   807 | D        | Reached skill level 16 in Axes
   807 | D        | Reached skill level 10 in Armour
   807 | D        | Reached XP level 9. HP: 43/93 MP: 8/8
   809 | D        | Reached ****** piety under Trog
  1091 | D        | Noticed a yaktaur
  1093 | D        | Received a gift from Trog
  1101 | D        | Killed a yaktaur
  1102 | D        | Reached skill level 17 in Axes
  1202 | D        | Noticed a lindwurm
  1210 | D        | Killed a lindwurm
  1210 | D        | Received a gift from Trog
  1239 | D        | Noticed a wizard
  1239 | D        | Noticed a deep elf zephyrmancer
  1247 | D        | Killed a wizard
  1248 | D        | Reached XP level 10. HP: 104/104 MP: 9/9
  1254 | D        | Killed a deep elf zephyrmancer
  1407 | D        | Reached skill level 18 in Axes
  1415 | D        | Noticed a manticore
  1416 | D        | Paralysed by a hornet for 3 turns
  1421 | D        | Killed a manticore
  1421 | D        | Received a gift from Trog
  1423 | D        | Reached skill level 15 in Fighting
  1798 | D        | Noticed a boulder beetle
  1821 | D        | Killed a boulder beetle
  1948 | D        | Noticed a gargoyle
  1952 | D        | Killed a gargoyle
  2023 | D        | Noticed Crazy Yiuf
  2027 | D        | Killed Crazy Yiuf
  2101 | D        | Received a gift from Trog
  2102 | D        | Reached skill level 15 in Armour
  2111 | D        | Annihilated by an enormous slime creature

Illustrated notes

Levels and vault maps discovered:
D:        pitsprint [storerooms_1, entrance_room_1, metal_vault_6, armoury_3,
          mini_pit_1, grid_room_1, main_hall_1, silver_pit, the_coven_3,
          the_vestibule_1, steel_vault_4, golden_pit, hallway_of_sentries,
          crystal_vault_4, iron_vault_3, final_vault]

Skill      XL: |  1  2  3  4  5  6  7  8  9 10 |
---------------+-------------------------------+-----
Axes           | 8 11 12 14 16 17 18 | 18.7
Fighting       | 7 9 10 12 13 14 15 | 15.7
Armour         | 4 5 6 7 10 12 15 | 15.0
Dodging        | 3 4 5 6 7 8 |  8.6
Stealth        | 1 |  1.9

Action                   |  1- 3 |  4- 6 |  7- 9 | 10-12 || total
-------------------------+-------+-------+-------+-------++-------
Melee: Hand axe          |    13 |    15 |    25 |       ||    53
       Headbutt          |     1 |     5 |    15 |    20 ||    41
       War axe           |       |       |    27 |    44 ||    71
Invok: Berserk           |       |     2 |     5 |     2 ||     9
  Use: Potion            |       |       |       |     1 ||     1
Armor: Animal skin       |     1 |     1 |       |       ||     2
       Chain mail        |       |     2 |    25 |    11 ||    38
Dodge: Dodged            |     3 |    10 |    28 |    18 ||    59

Table legend: (Time is in decaauts)
 A = Elapsed time spent in this place.
 B = Non-inter-level travel time spent in this place.
 C = Inter-level travel time spent in this place.
 D = Time resting spent in this place.
 E = Time spent auto-exploring this place.
 F = Levels seen in this place.
 G = Mean time per level.
                   A        B        C        D        E       F      G
               +--------+--------+--------+--------+--------+-----+--------+
         Total |   2171 |   2171 |      0 |   1376 |    246 |   1 | 2171.0 |
       Dungeon |   2171 |   2171 |      0 |   1376 |    246 |   1 | 2171.0 |
               +--------+--------+--------+--------+--------+-----+--------+

Top non-repeatable levels by time:
       D: 2171 daAuts
